 Dungeon Crawl Stone Soup version 0.31.0-11-ge490571c62 (webtiles) character file.

Game seed: 14076594367513335276

2255 James the Merchant of Misery (level 9, -1/65 HPs)
             Began as a Human Necromancer on Feb 8, 2024.
             Was a Believer of Kikubaaqudgha.
             Slain by a wyvern (17 damage)
             ... on level 6 of the Dungeon.
             The game lasted 00:28:07 (7281 turns).

James the Merchant of Misery (Human Necromancer)    Turns: 7281, Time: 00:28:07

Health: -1/65      AC:  6    Str: 10    XL:     9   Next: 37%
Magic:  16/19      EV: 17    Int: 19    God:    Kikubaaqudgha [**....]
Gold:   431        SH:  0    Dex: 13    Spells: 12/22 levels left

rFire   . . .        b - +7 Throatcutter {drain, coup de grace}
rCold   . . .        (no shield)
rNeg    . . .        c - +0 robe
rPois   .            n - +0 helmet
rElec   .            m - +0 cloak
rCorr   .            k - +1 pair of gloves
SInv    +            (no boots)
Will    .....        (no amulet)
Stlth   ++           z - ring of see invisible
HPRegen 0.30/turn    r - +5 ring of evasion
MPRegen 0.16/turn

%: no passive effects
@: on blink cooldown
A: explore regen
a: Renounce Religion, Unearth Wretches


You were on level 6 of the Dungeon.
You worshipped Kikubaaqudgha.
Kikubaaqudgha was pleased with you.
You visited 2 branches of the dungeon, and saw 7 of its levels.

You collected 431 gold pieces.

Inventory:

Hand Weapons
 a - a +1 dagger of protection
   (You took it off an orc wizard on level 4 of the Dungeon)
 b - the +7 Throatcutter (weapon) {drain, coup de grace}
   (You found it on level 4 of the Dungeon)
 d - a +0 short sword
   (You found it on level 1 of the Dungeon)
 f - a +2 rapier of venom
   (You found it on level 5 of the Dungeon)
 l - a +0 sling
   (You took it off a goblin on level 2 of the Dungeon)
 v - a +0 spear
   (You found it on level 3 of the Dungeon)
 y - a +0 falchion
   (You took it off an orc on level 2 of the Dungeon)
 F - a +0 trident
   (You took it off an orc on level 3 of the Dungeon)
 O - a +0 morningstar
   (You took it off an orc on level 4 of the Dungeon)
Missiles
 i - 102 stones
 w - 35 poisoned darts
 L - 3 boomerangs
 M - a curare-tipped dart {!f}
Armour
 c - a +0 robe (worn)
   (You found it on level 3 of the Dungeon)
 g - a +0 chain mail
   (You found it on level 1 of the Dungeon)
 h - a +0 robe
   (You found it on level 4 of the Dungeon)
 j - a +0 ring mail
   (You found it on level 1 of the Dungeon)
 k - a +1 pair of gloves (worn)
   (You found it on level 5 of the Dungeon)
 m - a +0 cloak (worn)
   (You found it on level 2 of the Dungeon)
 n - a +0 helmet (worn)
   (You found it on level 2 of the Dungeon)
 o - a +0 ring mail
   (You took it off a kobold on level 2 of the Dungeon)
 s - a +0 chain mail
   (You took it off an orc on level 4 of the Dungeon)
 u - a +0 robe
   (You found it on level 2 of the Dungeon)
 A - a +0 scale mail
   (You found it on level 3 of the Dungeon)
 D - a +0 leather armour
   (You took it off an orc on level 4 of the Dungeon)
 E - a +0 ring mail
   (You took it off an orc on level 3 of the Dungeon)
 H - a +0 robe
 I - a +0 robe
   (You took it off an orc wizard on level 3 of the Dungeon)
 J - a +0 robe
   (You took it off an orc wizard on level 4 of the Dungeon)
 K - a +0 leather armour
   (You took it off an orc on level 4 of the Dungeon)
 P - a +0 scale mail
   (You found it on level 6 of the Dungeon)
 Q - a +0 ring mail
   (You found it on level 5 of the Dungeon)
 R - a +0 leather armour
   (You took it off an orc on level 5 of the Dungeon)
 S - a +0 ring mail
   (You took it off an orc on level 5 of the Dungeon)
 T - a +0 robe
   (You took it off an orc wizard on level 5 of the Dungeon)
 U - a +0 ring mail
   (You found it on level 5 of the Dungeon)
 X - a +0 robe
   (You took it off an orc wizard on level 5 of the Dungeon)
 Y - a +0 leather armour
   (You took it off an orc priest on level 5 of the Dungeon)
 Z - a +0 scale mail
   (You took it off an orc on level 2 of the Dungeon)
Jewellery
 r - a +5 ring of evasion (right hand)
   (You found it on level 2 of the Dungeon)
 z - a ring of see invisible (left hand)
   (You found it on level 1 of the Dungeon)
Wands
 x - a wand of acid (5)
   (You found it on level 4 of the Dungeon)
Scrolls
 V - a scroll of blinking
 W - a scroll of amnesia
Potions
 e - 2 potions of curing {@q1}
 p - a potion of haste {unknown}
 q - a potion of heal wounds {unknown}
 t - 2 potions of mutation {!q}
 B - 4 potions of lignification {!q}
 C - 2 potions of brilliance
 G - a potion of enlightenment {unknown}
 N - a potion of magic


   Skills:
 - Level 4.0 Fighting
 - Level 2.0 Armour
 - Level 2.0 Dodging
 - Level 2.0 Stealth
 - Level 7.0 Spellcasting
 + Level 9.2 Necromancy
 - Level 2.0 Translocations


You had 12 spell levels left.
You knew the following spells:

 Your Spells              Type           Power      Damage    Failure   Level
a - Necrotise             Necr           100%       1d9       1%          1
b - Blink                 Tloc           28%        N/A       7%          2
q - Vampiric Draining     Necr           41%        2d8       1%          3
u - Animate Dead          Necr           41%        N/A       2%          4

Your spell library contained the following spells:

 Spells                   Type           Power      Damage    Failure   Level
 Kiss of Death            Conj/Necr      96%        2d12      1%          1
 Curse of Agony           Necr           41%        N/A       6%          5
 Lesser Beckoning         Tloc           28%        N/A       7%          2
 Momentum Strike          Conj/Tloc      20%        3d8       10%         2


Dungeon Overview and Level Annotations

Branches:
Dungeon (6/15)             Temple (1/1) D:4

Altars:
Dithmenos
Elyvilon
Gozag
Hepliaklqana
Kikubaaqudgha
Nemelex Xobeh
Okawaru
Ru
Trog
Uskayaw
Wu Jian
Xom
Yredelemnul
Zin
The Shining One

Shops:
D:3 (

Annotations:
D:6 Grinder


Innate Abilities, Weirdness & Mutations

You regain HP and MP as you explore.


Message History

Level annotation: Grinder The ufetubus slips past you!
The ufetubus hits you. The ufetubus completely misses you.
The ufetubus hits you but does no damage.
The ufetubus closely misses you.
There is a stone staircase leading up, spattered with blood here.
The ufetubus closely misses you. x2
You climb upwards.
There is a stone staircase leading down, spattered with blood here.
You miss the ufetubus. The ufetubus closely misses you. The ufetubus hits you.
The ufetubus misses you.
The ufetubus hits you but does no damage.
You slash the ufetubus!
You kill the ufetubus!
Kikubaaqudgha accepts your kill.
You start resting.
There is a stone staircase leading down, spattered with blood here.
You climb downwards.
Level annotation: Grinder Grinder misses you.
Grinder hits you!
There is a stone staircase leading up, spattered with blood here.
The wyvern hisses angrily.
Grinder gestures at you.
You suddenly lose the ability to move!
You stop ascending the stairs.
Grinder hits you.
You writhe in agony.
The wyvern bites you! The white imp gestures at you.
The puff of frost hits you! Grinder hits you but does no damage.
The wyvern bites you but does no damage.
Grinder barely misses you. The wyvern bites you!
* * * LOW HITPOINT WARNING * * *
The wyvern bites you.
* * * LOW HITPOINT WARNING * * *
Grinder hits you but does no damage.
You can move again.
Unknown command.
You blink.
Grinder gestures at you.
You struggle to resist.
Unknown command.
Grinder blinks!
Found 2 scrolls labelled TUL IRIFEIGU.
Press: ? - help, Shift-Dir - straight line, f - wyvern
Aim: a wyvern You draw life force from the wyvern!
You feel life coursing into your body. The wyvern bites you!
* * * LOW HITPOINT WARNING * * *
The wyvern bites you!
You die...
Kikubaaqudgha rasps: "You have failed me!
Welcome... death!"

..............##
....#.#......## #?#.
....#.##...#.# #?#.
####...........# .#.#.
...#....§<.....# ##.#.#.
...#......†....# ...#.#.
...#...........# ...#.#.
...#######.....##..$#.#.
...............k@...#.#.
.....#####.....######.#.
...#..####.....# .
...##...##.....#
..<####........#####
...# ###..........# #.
########...........##○#.
......##†..........##°#.
......#............##°..


You could see a wyvern.

Vanquished Creatures
  5 yaks
  A water moccasin (D:5)
  An ice beast (D:5)
  A sky beast (D:6)
  A centaur (D:6)
  A phantom (D:5)
  A kobold brigand (D:4)
  3 scorpions
  A bombardier beetle (D:3)
  7 hounds
  2 orc priests
  2 jellies (D:5)
  2 iguanas
  4 orc wizards
  A sleepcap (D:5)
  7 gnolls
  3 adders
  A shadow imp (D:5)
  A white imp (D:5)
  6 ufetubi
  A ribbon worm (D:4)
  6 dart slugs
  23 orcs
  4 bats
  8 endoplasms
  4 giant cockroaches
  7 hobgoblins
  A jackal (D:1)
  4 quokkas
  6 ball pythons
  A frilled lizard (D:2)
  12 goblins
  11 kobolds
  3 rats
142 creatures vanquished.

Vanquished Creatures (collateral kills)
  A dart slug (D:2)
  A ribbon worm (D:2)
  An endoplasm (D:2)
  2 jackals (D:1)
  A frilled lizard (D:1)
6 creatures vanquished.

Grand Total: 148 creatures vanquished

Notes
Turn   | Place    | Note
-------+----------+-------------------------------------------
     0 | D:1      | James the Human Necromancer began the quest for the Orb.
     0 | D:1      | Reached XP level 1. HP: 13/13 MP: 3/3
    62 | D:1      | Reached skill level 1 in Fighting
   201 | D:1      | Found a faded altar of an unknown god.
   209 | D:1      | Reached XP level 2. HP: 9/21 MP: 0/5
   547 | D:1      | Reached XP level 3. HP: 28/28 MP: 4/6
   551 | D:1      | Learned a level 3 spell: Vampiric Draining
  1349 | D:2      | Reached XP level 4. HP: 34/35 MP: 7/7
  1485 | D:2      | Learned a level 4 spell: Animate Dead
  2167 | D:3      | Reached XP level 5. HP: 41/41 MP: 6/9
  2366 | D:3      | Found Neorrotu's Antique Weapon Shoppe.
  2769 | D:3      | Reached skill level 5 in Necromancy
  3042 | D:3      | Reached XP level 6. HP: 44/47 MP: 3/12
  3450 | D:4      | Found a staircase to the Ecumenical Temple.
  3459 | Temple   | Entered the Ecumenical Temple
  3467 | Temple   | Became a worshipper of Kikubaaqudgha
  4078 | D:4      | Found the +7 Throatcutter {drain, coup de grace}
  4276 | D:4      | Found a glowing silver altar of Zin.
  4276 | D:4      | Found a glowing golden altar of the Shining One.
  4276 | D:4      | Found a white marble altar of Elyvilon.
  4310 | D:4      | Reached XP level 7. HP: 48/52 MP: 1/14
  4885 | D:5      | Entered Level 5 of the Dungeon
  4891 | D:5      | Reached * piety under Kikubaaqudgha
  4891 | D:5      | Received a gift from Kikubaaqudgha
  4897 | D:5      | Reached skill level 5 in Spellcasting
  4897 | D:5      | Reached skill level 6 in Necromancy
  5347 | D:5      | Learned a level 2 spell: Blink
  5531 | D:5      | Reached XP level 8. HP: 58/58 MP: 11/16
  5566 | D:5      | Reached skill level 7 in Necromancy
  5633 | D:5      | Reached skill level 1 in Translocations
  5716 | D:5      | Found a hazy altar of Hepliaklqana.
  5795 | D:5      | Found a shimmering altar of Xom.
  6219 | D:6      | Noticed a yak
  6219 | D:6      | Noticed a yak
  6219 | D:6      | Noticed a yak
  6219 | D:6      | Noticed a yak
  6244 | D:6      | Reached skill level 1 in Armour
  6294 | D:6      | Noticed a yak
  6316 | D:5      | Killed a yak
  6443 | D:6      | Noticed Grinder
  6443 | D:6      | Noticed a wyvern
  6485 | D:5      | Killed a yak
  6486 | D:5      | Reached skill level 8 in Necromancy
  6725 | D:4      | Killed a yak
  6726 | D:4      | Reached XP level 9. HP: 52/65 MP: 8/19
  7112 | D:6      | Reached ** piety under Kikubaaqudgha
  7113 | D:6      | Reached skill level 9 in Necromancy
  7272 | D:6      | Paralysed by Grinder for 5 turns
  7281 | D:6      | Slain by a wyvern

Illustrated notes

Levels and vault maps discovered:
D:1:      dpeg_arrival_tiny_a, layout_rooms, basic_ecumenical_altar
D:2:      cheibrodos_pilgrimage, layout_rooms, kennysheep_generic_room_4
D:3:      layout_basic, serial_shops, nicolae_shop_tiny_glass, chequers_garden
D:4:      layout_loops_ring, dreamdust_divine_triumvirate,
          lemuel_temple_firewalk_b, dilly_guarded_unrand_throatcut
D:5:      layout_cave_pools, mainiacjoe_overflow_brackets,
          regret_index_xom_buried_treasure, hex_tiny
D:6:      lemuel_ice_spiral_2, layout_rooms, uniq_grinder
Temple:   nicolae_temple_two_arcs

Skill      XL: |  1  2  3  4  5  6  7  8  9 |
---------------+----------------------------+-----
Fighting       | 1 2 3 4 |  4.0
Spellcasting   | 3 4 5 6 7 |  7.0
Necromancy     | 5 6 8 9 |  9.2
Translocations | 2 |  2.0
Armour         | 2 |  2.0
Dodging        | |  2.0
Stealth        | |  2.0

Action                     |  1- 3 |  4- 6 |  7- 9 || total
---------------------------+-------+-------+-------++-------
  Melee: Unarmed           |     4 |       |       ||     4
         Club              |     9 |       |       ||     9
         Short sword       |    75 |   106 |       ||   181
         Punch             |       |     3 |     1 ||     4
         Dagger            |       |    91 |    25 ||   116
         Long sword        |       |       |   145 ||   145
   Cast: Necrotise         |    36 |    44 |    10 ||    90
         Vampiric Draining |       |    19 |    10 ||    29
         Blink             |       |       |     5 ||     5
         Animate Dead      |       |       |     1 ||     1
    Use: Potion            |       |     1 |       ||     1
         Scroll            |       |     6 |     7 ||    13
   Stab: Sleeping          |     2 |     5 |     2 ||     9
 Armour: Robe              |    52 |    81 |   143 ||   276
  Dodge: Dodged            |    55 |   170 |   193 ||   418
